Map: Blackpink LE

Players

IlIlIlIlIlIl

  • Race: Protoss Protoss
  • League: Grandmaster
  • Spawn Location: 1:00

SpeCial - Winner!

  • Race: Terran Terran
  • League: Master
  • Spawn Location: 7:00

VOD

Have the link to the VOD?

Description

Time

  • Played on: Feb. 13, 2018, 9:36 a.m.
  • Length: 11:29
Show
View Real Time Build Order
Export as new Build Order

IlIlIlIlIlIl Protoss 

Build Orders: 1 Gate Expand, Double Forge, Colossus Rush 

Get SALT Encoding   

  12  0:01  Probe  
  13  0:13  Probe  
  14  0:19  Pylon  
  14  0:25  Probe (Chrono Boost)  
  15  0:37  Probe (Chrono Boost)  
  15  0:41  Gateway  
  16  0:46  Probe (Chrono Boost)  
  16  0:47  Assimilator  
  17  0:51  Probe  
  18  1:03  Probe  
  19  1:16  Probe  
  20  1:24  Nexus  
  20  1:33  Cybernetics Core  
  20  1:36  Probe  
  21  1:40  Assimilator  
  21  1:48  Probe  
  22  1:56  Pylon  
  22  2:00  Probe  
  23  2:10  Warp Gate  
  23  2:12  Adept (Chrono Boost)  
  23  2:14  Probe  
  26  2:26  Probe  
  26  2:27  Robotics Facility  
  27  2:31  Adept  
  27  2:36  Probe (Chrono Boost)  
  30  2:38  Probe (Chrono Boost)  
  31  2:47  Probe x2 (Chrono Boost)  
  33  2:51  Probe (Chrono Boost)  
  33  2:52  Probe (Chrono Boost)  
  35  3:02  Probe  
  35  3:04  Stalker  
  35  3:05  Probe  
  39  3:14  Probe  
  39  3:15  Observer (Chrono Boost)  
  39  3:17  Probe  
  39  3:19  Pylon  
  42  3:26  Probe  
  43  3:32  Probe  
  44  3:39  Probe  
  45  3:44  Probe  
  45  3:48  Immortal (Chrono Boost)  
  44  3:49  Gateway  
  44  3:50  Gateway  
  44  3:51  Shield Battery  
  44  3:52  Probe  
  44  3:55  Pylon  
  49  3:56  Probe  
  49  3:58  Assimilator  
  49  4:00  Assimilator  
  50  4:05  Probe  
  50  4:09  Probe, Pylon  
  52  4:14  Robotics Bay  
  52  4:16  Pylon  
  53  4:17  Probe, Stalker  
  53  4:21  Probe  
  53  4:24  Observer  
  57  4:29  Probe  
  58  4:42  Forge  
  58  4:44  Sentry x2, Forge  
  62  4:48  Observer  
  62  4:51  Observer (Chrono Boost)  
  63  4:56  Pylon  
  63  5:02  Extended Thermal Lance  
  63  5:06  Zealot  
  65  5:14  Protoss Ground Weapons Level 1 (Chrono Boost), Protoss Ground Armor Level 1 (Chrono Boost)  
  64  5:25  Nexus  
  64  5:26  Probe, Pylon  
  64  5:28  Stalker x3  
  71  5:29  Observer  
  71  5:38  Probe  
  71  5:40  Pylon  
  72  5:44  Colossus (Chrono Boost)  
  72  5:46  Probe  
  79  5:54  Probe  
  78  5:59  Probe  
  79  6:05  Twilight Council, Gateway  
  79  6:07  Gateway  
  79  6:08  Gateway  
  79  6:20  Stalker x3  
  85  6:31  Shield Battery  
  85  6:32  Colossus (Chrono Boost)  
  85  6:33  Photon Cannon  
  91  6:43  Adept x3  
  97  6:54  Observer  
  97  6:56  Probe  
  98  7:04  Protoss Ground Armor Level 2 (Chrono Boost)  
  98  7:05  Probe x2  
  100  7:09  Photon Cannon  
  100  7:13  Protoss Ground Weapons Level 2 (Chrono Boost)  
  98  7:19  Probe  
  98  7:20  Probe x2  
  98  7:22  Colossus  
  101  7:29  Pylon  
  107  7:31  Pylon  
  107  7:33  Stalker x3  
  107  7:34  Zealot  
  107  7:36  Zealot  
  117  7:47  Blink (Chrono Boost)  
  117  7:50  Probe  
  118  7:51  Assimilator  
  118  7:55  Assimilator  
  118  7:57  Zealot x2  
  118  7:58  Zealot  
  122  8:01  Probe x2  
  122  8:03  Pylon  
  124  8:11  Probe  
  125  8:16  Stalker x3  
  125  8:17  Photon Cannon  
  131  8:33  Colossus  
  135  8:37  Stalker  
  135  8:38  Nexus  
  137  8:44  Pylon  
  137  8:46  Pylon  
  137  8:51  Stalker x2  
  139  9:06  Stalker x4  
  135  9:14  Stalker x2  
  133  9:28  Immortal (Chrono Boost)  
  137  9:32  Zealot x4  
  145  9:42  Stalker  
  139  9:54  Stalker x3  
  125  10:03  Colossus (Chrono Boost)  
  125  10:06  Stalker  
  123  10:19  Stalker x2  
  117  10:33  Zealot  
  117  10:34  Gateway  
  117  10:35  Gateway  
  111  10:37  Gateway  
  111  10:39  Pylon  
  110  10:47  Immortal (Chrono Boost)  
  99  10:52  Zealot x2  
  95  11:05  Sentry  
  97  11:17  Stalker  
Show
View Real Time Build Order
Export as new Build Order

SpeCial Terran - Winner!

Build Orders: Cyclone Opening, Gas First Reaper Expand, Reaper Expand, MMM Bio 

Get SALT Encoding   

  12  0:00  SCV  
  13  0:12  SCV  
  14  0:17  Supply Depot  
  14  0:25  SCV  
  14  0:28  Refinery  
  15  0:39  SCV  
  16  0:44  Barracks  
  16  0:51  SCV  
  17  1:03  SCV  
  18  1:15  SCV  
  19  1:31  Reaper  
  19  1:32  Orbital Command  
  20  1:43  Command Center  
  20  1:53  Factory  
  20  1:58  SCV  
  21  2:05  Refinery  
  21  2:06  Barracks Reactor  
  21  2:10  SCV  
  22  2:16  Supply Depot  
  22  2:22  SCV  
  23  2:37  SCV  
  23  2:38  Cyclone  
  23  2:43  Marine x2  
  29  2:50  SCV  
  30  2:55  Orbital Command  
  30  3:01  Marine x2  
  30  3:02  SCV  
  33  3:14  SCV  
  33  3:18  Supply Depot  
  34  3:26  SCV  
  35  3:27  Marine  
  35  3:28  Cyclone x2  
  35  3:31  SCV  
  42  3:38  SCV  
  43  3:43  SCV  
  45  3:50  SCV  
  45  3:52  Supply Depot  
  45  3:55  SCV  
  47  3:56  Barracks Tech Lab  
  47  4:02  SCV  
  46  4:06  Barracks  
  46  4:07  SCV, Barracks  
  46  4:09  Engineering Bay  
  47  4:14  Marine, Factory Tech Lab  
  47  4:15  Stimpack  
  47  4:17  SCV  
  49  4:19  SCV  
  50  4:26  Bunker  
  50  4:29  SCV  
  51  4:31  SCV  
  51  4:32  Marine  
  51  4:37  Terran Infantry Weapons Level 1  
  53  4:41  SCV  
  53  4:43  SCV  
  55  4:47  Supply Depot  
  55  4:50  Marine  
  56  4:53  SCV, Factory Reactor  
  56  4:55  Marine x2, Starport  
  56  4:56  SCV  
  56  4:58  Refinery  
  56  4:59  Refinery  
  60  5:05  SCV  
  61  5:08  Marine  
  61  5:09  Marauder  
  61  5:11  Supply Depot  
  61  5:12  Marine  
  61  5:13  Marine  
  66  5:15  SCV  
  66  5:17  SCV  
  67  5:26  Marauder  
  67  5:27  SCV  
  70  5:32  Marine x2  
  70  5:33  Supply Depot, Marauder  
  70  5:35  Supply Depot  
  74  5:43  Medivac x2  
  74  5:46  Combat Shields  
  74  5:47  Barracks  
  74  5:49  Barracks  
  78  5:52  Missile Turret  
  78  5:54  Marine x2  
  78  5:55  Marauder  
  82  5:57  Marauder  
  82  6:01  SCV  
  82  6:03  SCV  
  86  6:05  Factory Reactor  
  86  6:10  Supply Depot  
  86  6:15  Medivac x2  
  89  6:20  Marine x2  
  89  6:21  Marauder  
  89  6:24  Supply Depot  
  93  6:32  Marauder  
  95  6:34  Barracks Tech Lab  
  95  6:37  Barracks Reactor, Terran Infantry Armor Level 1  
  95  6:38  Supply Depot  
  95  6:41  Marine x2  
  95  6:42  Marauder  
  99  6:53  Starport  
  99  6:54  Viking x2  
  103  6:57  Concussive Shells  
  103  7:00  Supply Depot  
  105  7:01  Marauder  
  105  7:03  Marauder  
  105  7:06  Marine x2  
  109  7:11  Widow Mine  
  111  7:22  Supply Depot  
  111  7:24  Viking x2  
  111  7:27  Marauder  
  111  7:28  Marauder  
  118  7:31  Marauder  
  120  7:37  Viking  
  120  7:40  Viking  
  124  7:44  Supply Depot  
  124  7:50  Marine x2  
  124  7:51  Marine x2  
  128  7:54  Marauder  
  130  7:59  Marauder  
  130  8:00  Marauder  
  134  8:05  Viking  
  134  8:09  Viking  
  138  8:13  Viking  
  138  8:17  Viking  
  142  8:39  Marine  
  142  9:00  Marine  
  142  9:02  Supply Depot  
  142  9:06  Liberator  
  142  9:11  Marine  
  142  9:15  Marine  
  142  9:17  Marine  
  142  9:19  Viking  
  142  9:21  Marine  
  142  9:22  Marauder  
  142  9:23  Viking  
  142  9:24  Marauder  
  149  9:26  Marauder  
  149  9:27  Viking  
  150  9:32  Liberator  
  150  9:35  Marine  
  150  9:37  Marine  
  149  9:43  Marine, Marauder  
  149  9:45  Marauder  
  149  9:47  Marauder  
  149  9:52  Liberator  
  144  9:58  Marine  
  131  10:04  Marauder  
  127  10:15  Liberator  
  127  10:19  Marauder  
  120  10:43  Marauder  
  122  10:52  Marauder  
  122  10:55  Marine  
  120  10:57  Marine  
  120  11:02  Marine  
  122  11:04  Marine  
  122  11:07  Marine  
Tags
 
Add a new tag
Caveats
  • Supply blocks, unpowered buildings, or Contaminate may cause inaccurate times.
  • Supply counts are checked every 10 seconds.